[Event "CB-Emu swiss"]
[Site "?"]
[Date "2016.11.03"]
[Round "1"]
[White "Champion Sensory Chess Challe, Fidelity"]
[Black "Roma 32, Mephisto"]
[Result "0-1"]
[ECO "A29"]
[WhiteElo "1650"]
[BlackElo "2130"]
[Annotator "Fritz 15 (60s)"]
[PlyCount "118"]
[EventDate "2017.??.??"]
[TimeControl "40/7200:40/7200:40/7200"]

{A29: Englische Eröffnung (Vierspringer-Variante)} 1. c4 e5 2. Nc3 Nf6 3. Nf3
Nc6 4. g3 Bb4 5. Bg2 O-O 6. O-O Re8 7. Ng5 (7. Qb3 Bc5 8. e3 a6 9. Rd1 d6 10.
d4 exd4 11. exd4 Ba7 12. h3 Rb8 13. Qc2 Bd7 14. a3 Qc8 15. Kh2 Bf5 16. Qd2 Ne4
17. Qf4 Nxf2 18. Nh4 Nxd1 19. Nxf5 Nxc3 20. bxc3 Ne7 21. g4 Nxf5 {Heasman,R 
(2140)-Georghiou,P (2220) London 1995 0-1}) 7... h6 $146 {0.08/1 (h7h6 g5e4
f6e4) 211} (7... Bxc3 8. dxc3 h6 9. Ne4 d6 10. Nxf6+ Qxf6 11. e4 Be6 12. Qe2
Qg6 13. Be3 f5 14. f3 f4 15. gxf4 exf4 16. Bxf4 Qf7 17. Qd2 Bxc4 18. Rf2 Bxa2
19. Kh1 Rf8 20. Bxh6 gxh6 21. Qxh6 Qf4 22. Qxf4 {Varberg,K-Southam,D Lyngby
1990 1/2-1/2}) (7... d6 8. d3 Bf5 9. Nge4 Nxe4 10. Nxe4 Qd7 11. a3 Ba5 12. Rb1
Bb6 13. b4 Rab8 14. e3 Bh3 15. Bxh3 Qxh3 16. f4 exf4 17. Rxf4 Qe6 18. Qh5 Ne5
19. c5 dxc5 20. bxc5 Ba5 21. Ng5 Qg6 22. Qxg6 {Haag,O-Schumacher,F ICCF 2007 1/
2-1/2}) (7... Nd4 8. e3 Ne6 9. Nxe6 dxe6 10. Qc2 Bxc3 11. Qxc3 e4 12. Qc2 e5
13. Bxe4 Nxe4 14. Qxe4 Bh3 15. Re1 Qd7 16. b3 c6 17. Bb2 Bf5 18. Qf3 Bg4 19.
Qg2 e4 20. f4 Rad8 21. Bd4 b6 22. b4 {Smirnov,V-Dydyshko,V Minsk 1987 0-1 (42)}
) 8. Nge4 Nxe4 {0.00/1 (f6e4 c3e4 a7a6) 211} 9. Bxe4 Bc5 {0.00/1 (b4c5 e2e3
d7d6) 211} 10. Qa4 a6 {-0.08/1 (a7a6 e2e3 a8b8) 211} 11. d3 Qe7 {-0.32/1 (d8e7
e4g2 c6b4) 211} (11... Nd4 12. b4 Be7 13. Rb1 $11) 12. Bd2 a5 {-0.36/1 (a6a5
c3d5 e7d8) 211} 13. Nd5 Qd6 {-0.60/1 (e7d6 e2e3 e7d6) 211} 14. Rac1 (14. e3 Ra6
$16) 14... Nd4 {-0.60/1 (c6d4 c1e1 c6d4) 211} (14... Ra6 15. Qd1 $11) 15. Rce1
(15. b4 $142 $5 Nxe2+ 16. Kg2 axb4 17. Qxa8 Nxc1 18. Rxc1 $16) 15... c6 $11 {
-0.28/1 (c7c6 b2b4 c6d5) 211} 16. b4 {Weiß droht Materialgewinn: b4xc5. Weiß
gabelt: a5+c5} (16. Nc3 Qc7 $11) 16... Ba7 $15 {-0.16/1 (c5a7 c4c5 d6b8) 211}
17. c5 {Weiß gewinnt Raum} (17. Ne3 axb4 18. Bxb4 Qb8 $15) 17... Qb8 $17 {
0.00/1 (d6b8 d5e3 a5b4) 211} 18. Ne3 axb4 {0.04/1 (a5b4 a4b4 b7b6) 211} 19.
Qxb4 b6 {0.36/1 (b7b6 c5b6 a7b6) 211} 20. cxb6 Bxb6 {0.28/1 (a7b6 e3c4 a8a6)
211.} 21. Nc4 Bc7 {0.55/1 (b6c7 b4b8 c7b8) 211} 22. Qxb8 Bxb8 {0.24/1 (c7b8
e2e3 d4b5) 211} 23. a4 $4 {verschlechtert die Stellung weiter} (23. e3 $142 Ne6
24. Rb1 $17) 23... d5 $19 {2.04/1 (d7d5 e2e3 d4b3) 211} 24. Nb6 Ra6 {3.45/1 
(a8a6 b6d5 c6d5) 211} 25. Nxd5 cxd5 {3.60/1 (c6d5 e4d5 c6d5) 211} 26. Bxd5 Bh3
{4.00/1 (c8h3 d5g2 h3g2) 211} 27. Bg2 Bxg2 {4.00/1 (h3g2 g1g2 a6a4) 211} 28.
Kxg2 Rxa4 {4.16/1 (a6a4 d2c3 a4a2) 211.} 29. e3 Nb3 {4.50/1 (d4b3 e1d1 e8d8)
211} 30. Rd1 Rc8 {4.45/1 (e8c8 d2e1 e8c8) 211} 31. Rg1 (31. Kh3 {holt die Kuh
nicht vom Eis} Ba7 $19) 31... Ba7 {4.64/1 (b8a7 g2f1 b8a7) 211} 32. Rb1 Nxd2 {
4.72/1 (b3d2 b1b2 d2c4) 211} 33. Rb2 Nc4 $1 {4.64/1 (d2c4 d3c4 a4c4) 211.
macht alles klar} 34. dxc4 Raxc4 {4.55/1 (a4c4 g1d1 c4c7) 211.} 35. Rb7 (35.
Ra1 {hilft allerdings auch nicht} R8c7 $19) 35... R8c7 {4.20/1 (c8c7 g1b1 g7g6)
211} 36. Rxc7 Rxc7 {4.28/1 (c4c7 g2f3 c4c7) 212} 37. Ra1 f5 {4.36/1 (f7f5 a1a5
a7c5) 212} 38. h3 Bc5 {4.36/1 (a7c5 g2f3 c5d6) 212} 39. g4 fxg4 {4.36/1 (f5g4
h3g4 c5b4) 212} 40. hxg4 Bb4 {4.45/1 (c5b4 g2f3 c5b4) 170} 41. Ra4 Rc4 {
4.50/1 (c7c4 f2f3 c4c2) 180} 42. Kh3 g6 {4.72/1 (g7g6 f2f3 g8f7) 180} 43. Kg3
h5 {4.68/1 (h6h5 g4h5 g6h5) 180} 44. Ra8+ (44. gxh5 {hilft auch nicht mehr}
gxh5 45. Ra7 Rg4+ 46. Kh2 Be1 47. Ra8+ Kf7 48. Ra7+ Ke6 49. Ra6+ Kd5 $19) 44...
Kg7 {4.80/1 (g8g7 a8a7 g8g7) 180} 45. gxh5 gxh5 {5.00/1 (g6h5 f2f4 e5f4) 180.}
46. f4 (46. Ra7+ {ist ein letzter Strohhalm} Kg6 47. Rb7 $19) 46... exf4+ {
4.88/1 (e5f4 e3f4 e5f4) 180} 47. exf4 Be1+ {6.32/1 (b4e1 g3f3 e1d2) 180} 48.
Kf3 Bd2 {6.24/1 (e1d2 f3g3 c4f4) 180} 49. f5 Rf4+ {6.50/1 (c4f4 f3e2 d2b4) 180}
50. Ke2 Bb4 {6.55/1 (d2b4 e2e3 f4f5) 180} 51. Ke3 (51. Rd8 {ändert nichts am
Ausgang der Partie} h4 $19) 51... Rxf5 {6.55/1 (f4f5 e3e4 f5f6) 180.} 52. Rb8 (
52. Ra1 $19 {ist vielleicht ein Schwindelversuch}) 52... Bd6 {6.45/1 (b4d6
b8b6 d6g3) 180} 53. Rd8 Rf6 {6.55/1 (f5f6 d8d7 g7g6) 180} 54. Rd7+ Kh6 {
6.64/1 (g7h6 d7d8 h5h4) 180} 55. Rd8 h4 {6.60/1 (h5h4 d8h8 h6g5) 180} 56. Rh8+
Kg5 {6.68/1 (h6g5 e3e4 f6h6) 180} 57. Rh7 Rh6 {6.92/1 (f6h6 h7g7 g5f6) 180.
Schwarz droht Materialgewinn: Th6xh7} (57... Bf8 58. Rh8 Kg4 $19) 58. Rg7+ $4 {
und der Gewinn ist perdu} (58. Rxh6 $142 {hätte die Niederlage vermieden} Kxh6
59. Kf2 $11) 58... Kh5 {7.00/1 (g5h5 e3f3 h4h3) 180} 59. Rb7 (59. Kf3 {macht
keinen großen Unterschied} h3 60. Rg1 Rf6+ 61. Ke2 h2 62. Rh1 Kg4 63. Kd3 Kg3
64. Kd4 Kg2 65. Rxh2+ Bxh2 66. Kc5 Kf3 67. Kd4 Rd6+ 68. Kc5 Ke3 69. Kc4 Be5 70.
Kc5 Kd3 71. Kb5 Bd4 72. Kb4 Rb6+ 73. Ka3 Kc4 74. Ka2 Be5 75. Ka3 Ra6#) 59... h3
{(h4h3 b7b1 h3h2) +9.99/1 180 0-1 Benutzer Entscheidung.} (59... h3 60. Rb1 Rf6
61. Ke4 h2 62. Ra1 Rg6 63. Kd5 Rg1 64. Rxg1 hxg1=Q 65. Kxd6 Qb6+ 66. Kd5 Qb5+
67. Kd4 Qb4+ 68. Kd5 Kg6 69. Kc6 Kf7 70. Kc7 Qb5 71. Kc8 Qb6 72. Kd7 Qc5 73.
Kd8 Ke6 74. Ke8 Qe7#) 0-1

[Event "CB-Emu swiss"]
[Site "?"]
[Date "2017.02.06"]
[Round "1"]
[White "MM V, Mephisto"]
[Black "Mondial II, Mephisto"]
[Result "1-0"]
[ECO "A29"]
[WhiteElo "2200"]
[BlackElo "1800"]
[Annotator "Fritz 15 (60s)"]
[PlyCount "87"]
[EventDate "2017.??.??"]
[TimeControl "40/7200:40/7200:40/7200"]

{A29: Englische Eröffnung (Vierspringer-Variante)} 1. c4 e5 2. Nc3 Nf6 3. Nf3
Nc6 4. g3 d5 5. cxd5 Nxd5 6. Bg2 Be6 7. O-O {-0.10/8 (e1g1 f8e7) 334} Nb6 8. a4
{-0.15/8 (a2a4 f8c5) 289. Weiß hat eine gedrückte Stellung. Die weiße Figur
kann nicht ziehen: c1} (8. d4 exd4 9. Nb5 d3 10. Ng5 Bc4 11. exd3 Bxb5 12. Qb3
Qf6 13. Qxb5 Be7 14. Be3 O-O 15. Rac1 a6 16. Qb3 Nd4 17. Bxd4 Qxd4 18. Nxf7
Rxf7 19. Rxc7 Kf8 20. Rxb7 Rd8 21. Qxb6 Qxd3 22. Rb8 Rf6 {Bitoon,R (2432)-Pham
Minh,H (2357) Kuala Lumpur 2001 1-0 (32)}) 8... Bc5 $146 (8... a5 9. Nb5 Bb4 (
9... Be7 10. d4 exd4 11. Nfxd4 Nxd4 12. Nxd4 Bd5 13. e4 Bc4 14. Re1 Bb4 15. Be3
Bxe1 16. Qxe1 O-O 17. b3 Be6 18. Rc1 Re8 19. Qc3 c5 20. Qxc5 Rc8 21. Qa3 Rxc1+
22. Qxc1 Nd7 23. f4 Nf6 24. h3 {Trapl,J (2370)-Soukup,J (2185) Czechia 2005
0-1 (39)}) 10. d4 exd4 11. Nfxd4 Nxd4 12. Nxd4 Bd5 13. Bxd5 Nxd5 14. Nf5 O-O
15. Qd4 Nf6 16. Qh4 Ne8 17. Bg5 f6 18. Qc4+ Kh8 19. Bf4 Qd7 20. e4 g6 21. Nd4
Nd6 22. Bxd6 Bxd6 23. Rad1 {Wesseln,K (2345)-Meins,G (2439) Bremen 1999 1/2-1/
2 (42)}) (8... Bb4 9. a5 Nxa5 10. Nxe5 Bb3 11. Qe1 Bc2 12. Rxa5 Bxa5 13. Bxb7
O-O 14. Nc6 Qg5 15. d3 Qh5 16. b4 Rae8 17. bxa5 Na4 18. Ba3 Nxc3 19. Qxc3 Qxe2
20. Bxf8 Kxf8 21. Nd4 {1-0 (21) Grecescu,G (2405)-Fuchs,G (2194) Litomysl 2007}
) (8... Nd4 9. Nxd4 exd4 10. a5 dxc3 11. axb6 axb6 12. Rxa8 Qxa8 13. dxc3 Be7
14. Bf4 Bd8 15. Qa1 Qc8 16. Qa4+ Qd7 17. Qxd7+ Bxd7 18. Bxb7 O-O 19. Rd1 Bb5
20. Bf3 g5 21. Be3 h6 22. Rd5 Bc6 23. Rxd8 {Phillips,R (2252)-Magana,B (2200)
Turin 2006 1-0 (49)}) (8... Bb4 9. d4 exd4 10. Nb5 $11) 9. d3 {-0.07/8 54 
(d2d3 e8g8)} (9. a5 Nd7 10. a6 bxa6 $16) 9... Qd7 (9... a5 10. Nb5 $14) 10. Ng5
{0.02/8 (f3g5 e8c8) 307. Schwarz hat eine sehr aktive Stellung} O-O (10... Nd5
$5 $14) 11. a5 $16 {0.34/8 (a4a5 b6d5) 307} Nd5 12. Nxe6 {0.37/8 (g5e6 f7e6)
274} (12. d4 $5 Nxc3 13. bxc3 exd4 14. Qd3 $16) 12... fxe6 $14 13. Ne4 {
0.37/8 (c3e4 c5e7) 270. Der Springer ist gut postiert} Be7 14. a6 {0.34/8 
(c1d2 a7a6) 254} bxa6 15. Rxa6 {0.43/7 (a1a6 a8b8) 66} Rab8 16. b3 {0.41/8 
(f1e1 b8b6) 120} (16. Nd2 Rb6 17. Ra2 Rb5 $14) 16... Rb6 $14 17. Rxb6 {0.36/9 
(a6b6 c7b6) 127} axb6 18. Bb2 {0.43/9 (c1b2 f8a8) 454} Nd4 19. Nd2 {0.44/8 
(e4d2 b6b5) 187} b5 20. e3 Nc6 21. Be4 Nf6 22. Bxc6 {0.61/9 (e4c6 d7c6) 298}
Qxc6 23. Bxe5 {0.77/9 (b2e5 f8d8) 696} Nd7 24. Bb2 {0.80/8 (e5b2 e7f6) 209} Qd5
25. d4 {0.89/8 (d3d4 e7b4) 166} c5 26. e4 {0.83/9 (e3e4 d5d6) 229. Weiß droht
Materialgewinn: e4xd5} Qd6 27. Nf3 c4 28. Nd2 {0.95/8 (f3d2 f8c8) 182} Qb4 29.
Qc2 {1.04/8 (d1c2 c4b3) 143} cxb3 30. Nxb3 {1.01/8 (d2b3 d7b6) 108.} Nb6 31.
Rc1 Nc4 32. Bc3 {1.00/9 (b2c3 b4a4) 473} Qd6 33. Qe2 {1.03/7 (c2e2 f8a8) 195}
Qa3 34. Rb1 {1.06/8 (c1b1 a3a4) 212} Bf6 35. f4 {1.05/8 (f2f4 f8c8) 248} Rc8
36. Qg4 Rc6 $2 (36... Qa6 $142 $5 37. Re1 Qc6 $16) 37. Ra1 $18 {1.26/8 (b1a1
a3f8) 148} Qxb3 $4 {auch bessere Züge hätten die Partie nicht gerettet.} (37...
Qf8 38. Qh5 Qc8 $18) 38. Ra8+ Kf7 39. Qh5+ Ke7 40. Qe8+ Kd6 41. Rd8+ $1 {
Ablenkung: d8} Kc7 (41... Bxd8 42. Qxd8# {Mattangriff Ablenkung}) 42. Rc8+ Kb7
43. Qxc6+ Ka7 44. Ra8# 1-0

[Event "CB-Emu swiss"]
[Site "?"]
[Date "2017.03.15"]
[Round "1"]
[White "Glasgow, Mephisto"]
[Black "Chess Champion MK II, Novag"]
[Result "1-0"]
[ECO "D00"]
[WhiteElo "1920"]
[BlackElo "1090"]
[Annotator "Fritz 15 (60s)"]
[PlyCount "65"]
[EventDate "2017.??.??"]
[TimeControl "40/7200:40/7200:40/7200"]

{D00: Damenbauernspiele} 1. d4 Nf6 2. Nf3 d5 3. Bg5 Bg4 4. Nc3 {0.11/5 (b1c3
b8c6 f3e5) 194} Nc6 5. e3 {0.11/5 (e2e3 f6e4 g5f4) 194} e6 6. Bd3 {0.09/5 
(f1d3 f8d6 h2h3) 194} (6. Bb5 Bb4 7. O-O Qd7 8. h3 Bxf3 9. Qxf3 Bd6 10. Bxf6
gxf6 11. Qxf6 Be7 12. Qxh8+ Bf8 13. Qxh7 Qd6 14. Bxc6+ Qxc6 15. Qh4 Qd6 16. e4
dxe4 17. Nxe4 Qb4 18. Nf6+ Kd8 19. Nh7+ Be7 20. Qe4 Qxb2 {Chammas,K-Zarzour,J
Beirut 2014 1-0}) 6... Bb4 $146 (6... Bd6 7. O-O O-O 8. Rc1 (8. h3 Bf5 9. Re1
Re8 10. e4 dxe4 11. Bxe4 Qd7 12. Bxf6 g6 13. Ne5 Nxe5 14. dxe5 Bxe4 15. Nxe4
Qc8 16. Nxd6 Qd7 17. Nxe8 Qxd1 18. Raxd1 Rxe8 19. Rd2 {1-0 (19) Lum,M-Tang,Y
Singapore 2008}) 8... Qe7 9. Qe2 h6 10. Bh4 e5 11. dxe5 Bxe5 12. Qd2 Bxf3 13.
gxf3 Bd6 14. Rce1 Qe5 15. Bg3 Qh5 16. f4 Ne5 17. fxe5 Bxe5 18. Bxe5 Ng4 19.
Bxc7 g5 20. Bf5 Rac8 21. Bd6 {Milt,J-Gisy,G Stade 2007 0-1}) (6... Be7 7. O-O
e5 8. Be2 exd4 9. exd4 O-O 10. Bxf6 Bxf6 11. Re1 Re8 12. h3 Bxf3 13. Bxf3 Rxe1+
14. Qxe1 Nxd4 15. Qd1 c6 16. Bg4 Qd6 17. g3 Re8 18. Ne2 Nxe2+ 19. Bxe2 Bxb2 20.
Rb1 Qe5 21. Kg2 {Kulieva,O-Hlebik,E Ukraine 1999 1-0 (37)}) 7. O-O {0.40/5 
(e1g1 b4c3 e1g1) 194} h6 {Schwarz droht Materialgewinn: h6xg5} 8. Bf4 {0.39/5 
(g5f4 f6h5 f4e5) 194} O-O 9. h3 {0.42/5 (h2h3 g4h5 h2h3) 194} Bh5 10. a3 {
0.17/5 (a2a3 b4d6 f4d6) 194. Weiß droht Materialgewinn: a3xb4} Bd6 11. Bg3 {
-0.23/5 (f4g3 d6g3 f2g3) 194} Bxg3 12. fxg3 {-0.23/7 (f2g3 h5f3 d1f3) 194.
Weiß hat neue Doppelbauern: g2+g3} Qd6 {Schwarz droht Materialgewinn: Dd6xg3}
(12... Bxf3 13. Qxf3 e5 14. Qf2 $11) 13. g4 {-0.08/6 (g3g4 h5g6 d3g6) 194} Bg6
14. Bxg6 {-0.04/5 (d3g6 f7g6 d3g6) 194} fxg6 15. g5 {0.34/5 (g4g5 f6h5 g5h6)
194} hxg5 16. Nxg5 {0.78/5 (f3g5 d6g3 g5f3) 194. Der Springer ist wirkungsvoll
plaziert.} b6 (16... e5 17. Nb5 Qd7 18. Qd2 $11) 17. Qd3 $14 {1.20/5 (d1d3
e6e5 c3b5) 194} Ne7 18. Nb5 {2.05/5 (c3b5 d6c6 b5c7) 194. Weiß droht
Materialgewinn: Sb5xd6} (18. e4 Qd7 $16) 18... Qc6 19. Nxe6 {1.09/5 (g5e6 c6e6
g5e6) 194} (19. Nf3 $142 $5 $14 {sieht noch spielbar aus}) 19... Qxe6 $15 20.
Nxc7 {1.09/6 (b5c7 e6e4 c7a8) 194. Weiß gabelt: a8+e6} Qc8 21. Nxa8 {1.70/6 
(c7a8 c8a8 c2c4) 194} Qxa8 22. c4 {1.83/6 (c2c4 e7f5 c2c4) 194} dxc4 23. Qxc4+
{1.84/6 (d3c4 a8d5 c4a6) 195.} Qd5 {Schwarz droht Materialgewinn: Dd5xc4} (
23... Kh7 24. Qd3 Nf5 25. Rae1 $11) 24. Qa4 {1.84/5 (c4a4 e7f5 a1e1) 194} (24.
Qxd5+ $142 Nexd5 25. Rae1 $11) 24... Qd7 $4 {gibt den Vorteil aus der Hand} (
24... Nf5 $142 $15 {war die einzige Möglichkeit, noch zu kämpfen}) 25. Qxd7
$18 {1.86/6 (a4d7 f6d7 f1f8) 194} Nxd7 26. Rac1 {1.90/7 (a1c1 d7f6 e3e4) 194} (
26. Rxf8+ Kxf8 27. Kf2 Nf6 $18) 26... Rxf1+ $2 (26... Nf5 $142 27. e4 Nxd4 28.
Rxf8+ Nxf8 $16) 27. Kxf1 $18 {1.93/7 (g1f1 e7f5 c1c7) 194} Kf7 (27... Nf6 28.
Ke2 Ne8 29. e4 $18) 28. Rc7 {3.00/7 (c1c7 f7e6 c7a7) 194} Ke6 29. Rxa7 {
3.00/7 (c7a7 e7f5 f1e2) 194} g5 (29... Nf6 {hilft auch nicht mehr} 30. Rb7 Nd7
31. e4 $18) 30. Ke2 {3.02/6 (f1e2 e7f5 a3a4) 194} (30. e4 $142 {ginge schneller
} Nc8 31. Rc7 Ne7 $18) 30... g6 (30... Kd6 {ändert den Lauf der Dinge nicht}
31. Kd3 Nc6 32. Ra6 $18) 31. e4 {3.17/6 (e3e4 e7c8 a7c7) 194} b5 (31... Nc8 {
bietet noch letzte Rettungschancen} 32. Rc7 Ne7 $18) 32. d5+ {4.45/6 (d4d5
e6d6 a7a6) 194} Kd6 33. Ra6+ {unterminated} (33. Ra6+ Kc5 34. Re6 Nxd5 35. exd5
Kxd5 36. Rxg6 $18) 1-0

[Event "CB-Emu swiss"]
[Site "?"]
[Date "2017.03.17"]
[Round "?"]
[White "Amsterdam, Mephisto"]
[Black "Hyprachess, C64."]
[Result "1-0"]
[ECO "B06"]
[WhiteElo "2030"]
[BlackElo "1600"]
[Annotator "Fritz 15 (60s)"]
[PlyCount "27"]
[EventDate "2017.??.??"]
[TimeControl "40/7200:40/7200:40/7200"]

{B06: Moderne Verteidigung} 1. e4 g6 2. d4 e6 3. Nc3 {0.60/1 (b1c3 d7d5 g1f3)
73} Bg7 4. Nf3 {0.68/1 (g1f3 d7d5 g1f3) 319} Ne7 5. Be2 {0.64/1 (f1e2 d7d5
f1e2) 356} O-O 6. Bg5 $146 {0.72/1 (c1g5 d7d5 e4d5) 71} (6. O-O f5 (6... b6 7.
Bf4 (7. Be3 Bb7 8. Bd3 d6 9. Ne2 Nd7 10. c3 c5 11. b3 Qc7 12. Rc1 Rac8 13. Qd2
Rfe8 14. Ng3 Nf6 15. Rfe1 Nc6 16. Be2 Qb8 17. d5 exd5 18. exd5 Ne5 19. c4 b5
20. Rb1 bxc4 21. bxc4 Qc7 {Choremska,Z-Chadzynska,M Mielno 2011 0-1 (81)}) 7...
d6 8. Qd2 Bb7 9. Bh6 Nd7 10. Bxg7 Kxg7 11. Rad1 a6 12. h3 b5 13. a3 Nc8 14. Qe3
Ncb6 15. Nd2 Qe7 16. f4 Rae8 17. e5 d5 18. g4 c5 19. Nf3 cxd4 20. Nxd4 Rc8 21.
Bd3 {Olsarova,T (1958)-Podlesny,P (2148) Karvina 2006 0-1 (39)}) (6... d5 7.
exd5 exd5 8. Re1 Nbc6 9. Nb5 a6 10. Na3 b5 11. c3 b4 12. Nc2 a5 13. Bb5 Rb8 14.
Ba4 Bd7 15. Bg5 h6 16. Bxc6 hxg5 17. Bxd7 Qxd7 18. Nxg5 Rfe8 19. Ne3 Nf5 20.
Qd2 Nxe3 21. Rxe3 {Volovitch,V-Migdal,B Germany 1996 1-0 (48)}) 7. Re1 fxe4 8.
Nxe4 b6 9. Bf1 Bb7 10. c3 Nd5 11. g3 Nf6 12. Ned2 Na6 13. Bg2 c5 14. Ne5 Bxg2
15. Kxg2 cxd4 16. cxd4 Nb4 17. a3 Nbd5 18. Ndf3 Rc8 19. Bd2 d6 20. Nd3 Qd7 {
Noboa Silva,K (1712)-Olivares Quezada,M (1809) Montevideo 2014 1-0 (41)}) 6...
Nbc6 7. d5 {0.84/1 (d4d5 e6d5 e4d5) 310} exd5 8. exd5 Nb4 9. Bc4 {0.50/1 (e2c4
h7h6 g5h4) 172} d6 {Schwarz hat eine gedrückte Stellung} 10. a3 {0.76/1 (a2a3
h7h6 g5e3) 150. Weiß droht Materialgewinn: a3xb4} Na6 {Schwarz hat eine
gedrückte Stellung} 11. O-O {0.84/1 (e1g1 h7h6 g5f4) 369} (11. Qd2 Nc5 $14)
11... Bxc3 (11... h6 12. Bd2 $11) 12. bxc3 $14 {0.88/1 54 (b2c3 f7f6 g5h6).
Weiß hat das Läuferpaar} Bf5 $2 (12... Nc5 $5 $14 {kommt in Betracht}) 13.
Bh6 {1.88/1 (g5h6 d8d7 d1d4) 403} (13. Qd4 $142 $5 f6 14. Bxf6 $18) 13... Re8
$4 {Schwarz verkürzt seine Leiden} (13... Nc5 $142 $16) 14. Qd4 (14. Qd4 f6
15. Qxf6 Qd7 16. Qg7#) 1-0

[Event "CB-Emu swiss"]
[Site "?"]
[Date "2017.03.31"]
[Round "2"]
[White "Mychess II, C64."]
[Black "Rebel 5, Mephisto"]
[Result "0-1"]
[ECO "C43"]
[WhiteElo "1700"]
[BlackElo "2250"]
[Annotator "Komodo 10.3 32-bit (60s)"]
[PlyCount "86"]
[EventDate "2017.??.??"]
[TimeControl "40/7200:40/7200:40/7200"]

{C43: Russische Verteidigung (Petrow)} 1. e4 e5 2. Nf3 Nf6 3. d4 Nxe4 4. Bd3 d5
5. Bxe4 (5. O-O exd4 6. Re1 Be7 7. Bxe4 dxe4 8. Rxe4 Nc6 9. Nbd2 O-O 10. Nb3
Bf6 11. Bf4 Bf5 12. Re1 a5 13. Nc5 Qd5 14. Nd3 Bxd3 15. Qxd3 Nb4 16. Qd2 Qf5
17. Rec1 c5 18. a3 Nc6 19. b4 axb4 {Ralys,V (1900)-Putka,V (2297) Palanga 2011
0-1}) 5... dxe4 {0.00/1 (____)  165} 6. Nxe5 {Schwarz hat das Läuferpaar} Nd7
$146 {0.00/1 (____)  240} (6... Bd6 7. Nc4 (7. O-O Qh4 8. Re1 O-O 9. Nc3 f5 10.
Qe2 Be6 11. Nb5 Nc6 12. Nxd6 cxd6 13. Nxc6 bxc6 14. Qe3 d5 15. Qf4 Qf6 16. c3
a5 17. Re3 h6 18. h4 Kh7 19. Rg3 Bf7 20. b3 a4 21. Ba3 Rfd8 {Slavejkov,A (1779)
-Krastev,K (1757) Sofia BUL 2015 1-0 (37)}) (7. Qe2 Bxe5 8. dxe5 Bf5 9. Nc3 O-O
10. Nxe4 Nc6 11. O-O Re8 12. f4 Nd4 13. Qd3 Nxc2 14. Qxc2 Qd4+ 15. Qf2 Qxe4 16.
Be3 Re6 17. Rac1 Rg6 18. Rfd1 h5 19. Rxc7 Bh3 20. g3 h4 21. b3 hxg3 {
Capablanca,J-Redding,J New York 1905 1-0}) 7... O-O 8. O-O Nc6 9. Nxd6 Qxd6 10.
d5 Ne7 11. c4 Qg6 12. Bf4 Bg4 13. Qd2 Rac8 14. Nc3 h5 15. Rae1 Nf5 16. Kh1 Nh4
17. Bg3 Nxg2 18. Kxg2 Bf3+ 19. Kg1 h4 20. Qf4 hxg3 21. fxg3 {Colandrea,S (1890)
-Teychene,J (2043) Marseille 2005 0-1}) 7. O-O Nxe5 {0.00/1 (____)  235} 8.
dxe5 Bf5 {0.00/1 (____)  241} (8... Qxd1 9. Rxd1 Bg4 10. Rd4 $11) 9. Nc3 a6 {
0.00/1 (____)  215} (9... Bb4 10. Nd5 Be7 11. Be3 $11) 10. Qd5 (10. Qe2 $142 $5
$14 {ist zu überlegen}) 10... Qxd5 $11 {0.00/1 (____)  119} 11. Nxd5 O-O-O {
0.00/1 (____)  225} 12. c4 c6 {0.00/1 (____)  218} 13. Nb6+ Kc7 {0.00/1 (____)
323. Schwarz droht Materialgewinn: Kc7xb6} 14. Be3 Bb4 {0.00/1 (____)  101} 15.
Rfd1 Rd3 {0.00/1 (____)  222} 16. Rxd3 exd3 {0.00/1 (____)  218. Schwarz hat
einen neuen Freibauern: d3} 17. a3 {Weiß droht Materialgewinn: a3xb4} Ba5 {
0.00/1 (____)  179} 18. c5 Bxb6 {0.00/1 (____)  121} 19. cxb6+ Kd7 {0.00/1 
(____)  104} 20. Rd1 Ke6 {0.00/1 (____)  397} 21. g4 (21. Kf1 Kxe5 22. Ke1 Rg8
$15) 21... Be4 {0.00/1 (____)  223} (21... Bxg4 22. Rxd3 Bf5 23. Rd2 Kxe5 24.
f3 $17) 22. f4 $15 h5 {0.00/1 18 (____)} 23. gxh5 $2 (23. g5 $142 $5 $15 {
ist bedenkenswert}) 23... Kd5 {0.00/1 (____)  180} (23... Rxh5 $142 24. Rf1 Kd5
$19) 24. h4 $2 (24. Rc1 $142 $17) 24... Rxh5 $19 {0.00/1 (____)  145} 25. Bf2 (
25. Rc1 Rxh4 26. Rc5+ Ke6 $19) 25... Rh6 {0.00/1 (____)  104} 26. Kf1 Rg6 {
0.00/1 (____)  159} 27. Ke1 Rg4 {0.00/1 (____)  231} (27... Rg2 {erleichterte
Schwarz die Gewinnführung} 28. Rd2 $19) 28. Kd2 Rxf4 {0.00/1 (____)  166} 29.
Bg3 Rf3 30. Rg1 c5 {0.00/1 (____)  64} 31. h5 Rf5 {0.00/1 (____)  144} 32. Be1
(32. Kc3 {nützt auch nichts mehr} Rxh5 33. Rf1 Bg6 $19) 32... Rxh5 {0.00/1 
(____)  171} 33. Rxg7 (33. Kc3 {ist noch eine Idee} g6 34. Rf1 $19) 33... Rh2+
{0.00/1 (____)  208} 34. Kd1 Rxb2 {0.00/1 (____)  237.} 35. Rxf7 Kd4 {0.00/1 
(____)  290} 36. Bd2 Rb1+ 37. Bc1 Kc3 {0.00/1 (____)  171} 38. Rd7 Bf5 {
0.00/1 (____)  230} 39. Rd5 c4 {0.00/1 (____)  132} 40. Rd8 (40. e6 {ändert
nichts mehr} Bg4+ 41. Ke1 Bxe6 42. Rd6 Rxc1+ 43. Kf2 d2 44. Ke2 Re1+ 45. Kf3
Bf5 46. Rxd2 Kxd2 47. Kf4 c3 48. Kxf5 c2 49. a4 c1=Q 50. a5 Qc5+ 51. Kg6 Qf2
52. Kg5 Rg1+ 53. Kh6 Qh2#) 40... Bg4+ {0.00/1 (____)  260} 41. Ke1 d2+ $1 {
0.00/1 (____)  178. Hinlenkung: d2} 42. Rxd2 Rxc1+ {0.00/1 (____)  246} 43. Kf2
Kxd2 {(____) 0.00/1 267 0-1 Benutzer Entscheidung} (43... Kxd2 44. e6 Bxe6 45.
Kf3 Rf1+ 46. Kg3 c3 47. Kg2 Ke1 48. Kg3 c2 49. Kg2 c1=Q 50. Kh2 Qxa3 51. Kg2
Qh3#) 0-1